Map: Orbital Shipyard

Players

Nerchio - Winner!

  • Race: Zerg Zerg
  • League: Grandmaster

HuK

  • Race: Protoss Protoss
  • League: Grandmaster

Event: Gauntlet Monday Night

VOD

Have the link to the VOD?

Description

Time

  • Played on: Jan. 4, 2016, 5:11 p.m.
  • Length: 12:26

All games in this series

Show
View Real Time Build Order
Export as new Build Order

Nerchio Zerg - Winner!

Build Orders: Hatch First 

Get SALT Encoding   

  12  0:01  Drone  
  13  0:12  Overlord  
  13  0:17  Drone  
  14  0:30  Drone x2  
  14  0:34  Drone  
  17  0:52  Hatchery  
  17  0:55  Drone  
  17  0:58  Drone  
  18  1:14  Spawning Pool  
  18  1:15  Drone  
  18  1:19  Drone  
  19  1:40  Hatchery  
  19  1:41  Drone  
  19  1:47  Drone  
  20  1:48  Extractor  
  19  2:00  Queen  
  21  2:01  Zergling x2  
  21  2:06  Drone  
  21  2:07  Drone  
  24  2:15  Queen  
  26  2:20  Drone  
  27  2:24  Overlord  
  27  2:28  Drone  
  28  2:44  Drone x4  
  30  2:47  Metabolic Boost  
  30  2:49  Drone  
  33  2:57  Queen  
  35  3:02  Zergling x4  
  35  3:03  Zergling x2  
  38  3:09  Overlord  
  38  3:10  Drone  
  38  3:12  Drone  
  40  3:14  Drone  
  40  3:17  Zergling x2  
  42  3:21  Overlord  
  41  3:28  Zergling x8  
  41  3:32  Zergling x2  
  41  3:33  Zergling x2  
  47  3:36  Zergling x4  
  49  3:44  Zergling x6  
  51  3:51  Zergling x2  
  51  3:58  Zergling x12  
  57  4:03  Overlord  
  57  4:05  Overlord  
  57  4:13  Overlord  
  57  4:20  Drone  
  57  4:21  Drone x6  
  57  4:22  Drone  
  64  4:28  Drone  
  63  4:31  Drone  
  63  4:33  Drone x4  
  63  4:36  Extractor  
  61  4:47  Lair  
  61  4:48  Drone x6  
  65  4:53  Drone x4  
  65  4:56  Drone  
  65  4:59  Drone  
  66  5:02  Drone  
  66  5:03  Extractor  
  66  5:06  Drone x2  
  66  5:07  Drone x2  
  70  5:08  Extractor  
  70  5:09  Drone  
  70  5:14  Roach Warren  
  70  5:16  Drone  
  70  5:17  Drone  
  70  5:18  Drone x2  
  70  5:19  Drone  
  70  5:20  Drone  
  75  5:30  Zergling x6  
  75  5:31  Zergling x2  
  75  5:34  Overlord  
  79  5:38  Overlord, Extractor  
  79  5:39  Extractor  
  79  5:41  Overlord  
  79  5:42  Hatchery  
  76  5:48  Drone  
  76  5:49  Spire  
  76  5:52  Drone x3  
  79  6:04  Roach x3  
  79  6:05  Glial Reconstitution, Roach x5  
  79  6:08  Roach  
  79  6:09  Roach  
  79  6:10  Roach  
  101  6:12  Roach  
  101  6:13  Overseer  
  101  6:15  Roach  
  101  6:17  Overlord  
  105  6:19  Overlord  
  105  6:21  Overlord  
  105  6:25  Overlord  
  105  6:48  Drone x3  
  105  6:50  Drone x2  
  109  7:01  Mutalisk  
  109  7:02  Mutalisk x9  
  109  7:06  Extractor  
  109  7:07  Mutalisk, Extractor  
  129  7:12  Mutalisk  
  131  7:22  Zergling x2  
  131  7:23  Zergling x20  
  131  7:28  Mutalisk  
  131  7:29  Overlord x2  
  143  7:30  Overlord x4  
  143  7:37  Spine Crawler x2  
  134  7:53  Mutalisk, Spine Crawler  
  134  7:54  Mutalisk, Spine Crawler x2  
  138  7:59  Spine Crawler  
  138  8:00  Baneling Nest  
  138  8:01  Spine Crawler x3  
  138  8:02  Spine Crawler x2  
  128  8:11  Spine Crawler  
  122  8:14  Spine Crawler  
  122  8:15  Spine Crawler  
  122  8:16  Mutalisk x3  
  89  8:31  Spine Crawler x3  
  50  8:59  Drone x3  
  47  9:18  Mutalisk  
  47  9:23  Mutalisk  
  48  9:39  Roach  
  41  9:52  Roach  
  31  9:53  Roach  
Show
View Real Time Build Order
Export as new Build Order

HuK Protoss 

Build Orders: Nexus First, Zealot Archon 

Get SALT Encoding   

  12  0:01  Probe (Chrono Boost)  
  13  0:12  Probe (Chrono Boost)  
  14  0:22  Probe (Chrono Boost)  
  14  0:24  Pylon  
  16  0:43  Probe (Chrono Boost)  
  16  0:53  Probe (Chrono Boost)  
  17  1:03  Nexus  
  17  1:05  Probe (Chrono Boost)  
  18  1:12  Gateway  
  18  1:15  Probe (Chrono Boost)  
  19  1:19  Assimilator  
  19  1:24  Assimilator  
  19  1:27  Probe (Chrono Boost)  
  20  1:39  Gateway  
  20  1:41  Probe (Chrono Boost)  
  21  1:51  Probe (Chrono Boost)  
  22  1:59  Cybernetics Core  
  22  2:02  Probe (Chrono Boost)  
  23  2:15  Probe (Chrono Boost)  
  24  2:16  Probe (Chrono Boost)  
  25  2:26  Probe (Chrono Boost)  
  25  2:27  Probe (Chrono Boost)  
  27  2:36  Probe (Chrono Boost)  
  28  2:40  Probe (Chrono Boost), Adept (Chrono Boost)  
  28  2:41  Adept (Chrono Boost), Warp Gate (Chrono Boost)  
  33  2:47  Mothership Core (Chrono Boost)  
  35  2:53  Probe  
  35  2:56  Pylon  
  36  3:05  Probe (Chrono Boost)  
  37  3:09  Probe (Chrono Boost)  
  38  3:15  Sentry  
  38  3:16  Probe (Chrono Boost)  
  38  3:19  Probe (Chrono Boost)  
  42  3:26  Probe (Chrono Boost)  
  43  3:28  Nexus  
  43  3:30  Probe (Chrono Boost)  
  43  3:31  Pylon  
  44  3:37  Probe (Chrono Boost)  
  44  3:40  Probe (Chrono Boost)  
  46  3:46  Assimilator  
  46  3:47  Assimilator  
  46  3:49  Probe (Chrono Boost)  
  46  3:51  Probe (Chrono Boost)  
  46  3:54  Pylon  
  46  3:56  Sentry x2, Pylon  
  46  3:59  Pylon  
  46  4:00  Probe (Chrono Boost)  
  49  4:04  Probe (Chrono Boost)  
  49  4:07  Twilight Council  
  50  4:12  Probe (Chrono Boost)  
  50  4:15  Probe (Chrono Boost)  
  52  4:22  Probe (Chrono Boost)  
  53  4:26  Probe  
  54  4:42  Adept x2  
  54  4:45  Probe  
  55  4:46  Adept x2  
  55  4:50  Pylon  
  59  4:58  Probe  
  58  5:00  Probe, Resonating Glaives (Chrono Boost)  
  58  5:02  Probe  
  58  5:06  Gateway  
  60  5:07  Gateway x2, Pylon  
  60  5:09  Adept x2  
  60  5:11  Probe x2  
  66  5:17  Probe  
  66  5:20  Robotics Facility  
  67  5:22  Gateway  
  67  5:24  Probe  
  67  5:25  Probe, Gateway  
  67  5:27  Gateway  
  69  5:28  Probe  
  69  5:33  Pylon  
  69  5:34  Probe  
  70  5:37  Probe  
  70  5:38  Sentry  
  70  5:41  Probe  
  74  5:43  Templar Archives  
  74  5:46  Assimilator  
  74  5:49  Probe, Pylon  
  75  5:51  Probe  
  75  5:52  Probe  
  75  5:54  Assimilator  
  78  6:00  Probe  
  78  6:02  Stalker x2  
  83  6:05  Probe  
  83  6:06  Pylon  
  83  6:08  Warp Prism  
  88  6:21  Adept x4  
  94  6:26  Pylon  
  94  6:28  Adept  
  94  6:29  Adept  
  94  6:32  Probe  
  99  6:36  Pylon  
  99  6:42  Forge  
  99  6:44  High Templar x2  
  99  6:45  High Templar x3  
  99  6:46  High Templar  
  111  6:50  Observer, Archon x2  
  111  6:51  Archon  
  112  6:55  Adept x2  
  116  7:12  Pylon x2  
  116  7:14  Stalker x2, Pylon  
  124  7:16  Stalker x2  
  124  7:22  Adept  
  123  7:30  Adept x3  
  129  7:38  Adept  
  129  7:39  Immortal  
  129  7:40  Adept  
  129  7:41  Adept  
  129  7:42  Adept  
  141  7:53  Photon Cannon  
  141  7:54  Photon Cannon  
  141  7:55  Photon Cannon  
  141  7:56  Mothership Core  
  141  7:57  Pylon x2  
  130  8:02  Sentry  
  121  8:11  Photon Cannon  
  110  8:13  Photon Cannon x2  
  110  8:14  Adept  
  110  8:15  Photon Cannon  
  110  8:16  Photon Cannon  
  91  8:20  Photon Cannon  
  85  8:31  Mothership Core (Chrono Boost)  
  83  8:40  Adept  
  85  8:41  Adept  
  58  9:18  Pylon  
Tags
 
Add a new tag
Caveats
  • Supply blocks, unpowered buildings, or Contaminate may cause inaccurate times.
  • Supply counts are checked every 10 seconds.